 Dungeon Crawl Stone Soup version 0.30-a0-709-gcdc1b43e22 (webtiles) character file.

Game seed: 4872007026631363174

150577 bratinateska the Severer (level 16, -3/170 HPs)
             Began as a Minotaur Fighter on Jan 22, 2023.
             Was a High Priest of Okawaru.
             Killed from afar by a starcursed mass (17 damage)
             ... with an accursed screaming
             ... on level 2 of the Abyss.
             The game lasted 01:37:59 (31486 turns).

bratinateska the Severer (Minotaur Fighter)        Turns: 31486, Time: 01:38:00

Health: -3/170     AC: 28    Str: 27    XL:     16   Next: 69%
Magic:  22/22      EV: 17    Int:  5    God:    Okawaru [*****.]
Gold:   2498       SH: 22    Dex: 12    Spells: 15/15 levels left

rFire   x . .      SeeInvis +    L - +6 broad axe (elec)
rCold   + + .      Faith    .    T - +2 kite shield {reflect}
rNeg    + . .      Spirit   .    F - +6 ring mail of Poor Excuses {rC+}
rPois   +          Reflect  +    I - +2 hat {SInv}
rElec   .          Harm     .    R - +1 cloak {rPois}
rCorr   .          Rampage  .    V - +2 pair of gloves of Impermeability {rN+}
Will    +....                    h - +1 pair of boots
Stlth   ++                       u - amulet of reflection
HPRegen 0.48/turn                K - +5 ring of evasion
MPRegen 0.18/turn                G - ring of ice

@: heroic
A: horns 2, retaliatory headbutt, robust 1
}: 1/15 runes: gossamer
a: Renounce Religion, Heroism, Finesse, Duel


You were on level 2 of the Abyss.
You worshipped Okawaru.
Okawaru was extremely pleased with you.
You visited 5 branches of the dungeon, and saw 23 of its levels.
You visited the Abyss 1 time.
You also visited: Sewer.

You collected 2531 gold pieces.
You spent 33 gold pieces at shops.

Inventory:

Hand Weapons
 d - the +7 morningstar "Xapha" {flame, Dex+3}
   (You found it on level 1 of the Shoals)

   Dex:       It affects your dexterity (+3).
 L - a +6 broad axe of electrocution (weapon)
 X - a +1 broad axe of freezing
 Y - the +4 executioner's axe "Xaittu" {venom, rCorr MP-9 Str-5 Stlth+}
   (Okawaru gifted it to you on level 3 of the Spider Nest)

   Str:       It affects your strength (-5).
   MP:        It affects your magic capacity (-9).
   rCorr:     It protects you from acid and corrosion.
   Stlth:     It makes you more stealthy.
Armour
 a - a scarf of invisibility
 h - a +1 pair of boots (worn)
 D - a +1 cloak
 F - the +6 ring mail of Poor Excuses (worn) {rC+}
   (You found it on level 11 of the Dungeon)

   rC:        It protects you from cold.
 I - a +2 hat of see invisible (worn)
 R - a +1 cloak of poison resistance (worn)
 T - a +2 kite shield of reflection (worn)
 U - the +5 ring mail of Agoraphobia {rPois Will+}
   (You found it on level 2 of the Spider Nest)

   rPois:     It protects you from poison.
   Will:      It increases your willpower.
 V - the +2 pair of gloves of Impermeability (worn) {rN+}
   (Okawaru gifted it to you on level 4 of the Lair of Beasts)

   rN:        It protects you from negative energy.
Jewellery
 b - a ring of ice
 e - a +5 ring of evasion
 g - a ring of fire
 r - a ring of flight
 t - a ring of resist corrosion
 u - an amulet of reflection (around neck)
 w - a +6 ring of strength
 y - a +6 ring of dexterity
 G - a ring of ice (right hand)
 K - a +5 ring of evasion (left hand)
 M - a ring of poison resistance
Wands
 v - a wand of iceblast (18)
 C - a wand of flame (36)
 E - a wand of polymorph (10)
 J - a wand of digging (6)
 N - a wand of light (5)
 W - a wand of mindburst (14)
Scrolls
 f - 11 scrolls of teleportation
 m - 4 scrolls of silence
 n - 4 scrolls of magic mapping
 o - 4 scrolls of blinking
 s - 7 scrolls of immolation
 x - a scroll of amnesia
 B - 5 scrolls of fog
 S - 5 scrolls of fear
Potions
 c - 7 potions of ambrosia
 i - 4 potions of cancellation
 j - 3 potions of berserk rage
 k - 2 potions of heal wounds
 l - 9 potions of curing
 p - 4 potions of brilliance
 q - 2 potions of invisibility
 z - 4 potions of flight
 A - 3 potions of resistance
 H - 4 potions of magic
 O - a potion of mutation
 P - 4 potions of lignification
 Q - 2 potions of might
 Z - 2 potions of haste


   Skills:
 * Level 17.3(22.3) Fighting
 * Level 20.4(25.4) Axes
 * Level 17.4(22.4) Armour
 + Level 15.2(20.2) Shields
 + Level 9.6 Invocations


You had 15 spell levels left.
You didn't know any spells.
Your spell library contained the following spells:

 Spells                   Type           Power      Damage    Failure   Level
 Beastly Appendage        Tmut           0%         N/A       65%         1
 Freeze                   Ice            0%         1d3       65%         1
 Kiss of Death            Conj/Necr      0%         2d5       65%         1
 Sandblast                Erth           0%         2d4       65%         1
 Sting                    Tmut/Pois      0%         1d3       65%         1
 Blink                    Tloc           0%         N/A       80%         2
 Lesser Beckoning         Tloc           0%         N/A       80%         2
 Passwall                 Tmut/Erth      0%         N/A       80%         2
 Poisonous Vapours        Pois/Air       0%         N/A       80%         2
 Scorch                   Fire           0%         2d5       80%         2
 Static Discharge         Conj/Air       0%         2-2/arc   80%         2
 Wereblood                Tmut           0%         N/A       80%         2
 Confusing Touch          Hex            0%         N/A       95%         3
 Frozen Ramparts          Ice            0%         1d1       95%         3
 Gell's Gravitas          Tloc           0%         N/A       95%         3
 Hailstorm                Conj/Ice       0%         3d3       95%         3
 Spider Form              Tmut/Pois      0%         N/A       95%         3
 Stone Arrow              Conj/Erth      0%         3d7       95%         3
 Teleport Other           Tloc           0%         N/A       95%         3
 Vhi's Electric Charge    Tloc/Air       0%         N/A       95%         3
 Dispel Undead            Necr           0%         3d6       100%        4
 Flame Wave               Conj/Fire      0%         2d4       100%        4
 Manifold Assault         Tloc           0%         N/A       100%        4
 Olgreb's Toxic Radiance  Pois           0%         N/A       100%        4
 Arcjolt                  Conj/Air       0%         1d10      100%        5
 Lightning Bolt           Conj/Air       0%         1d11      100%        5
 Yara's Violent Unravell  Hex/Tmut       0%         3d3       100%        5
 Eringya's Noxious Bog    Tmut/Pois      0%         N/A       100%        6
 Enfeeble                 Hex            0%         N/A       100%        7
 Storm Form               Tmut/Air       0%         N/A       100%        7
 Summon Forest            Summ/Tloc      Unusable   N/A       N/A         5
 Summon Cactus Giant      Summ           Unusable   N/A       N/A         6
 Summon Hydra             Summ           Unusable   N/A       N/A         7

Dungeon Overview and Level Annotations

Branches:
Dungeon (11/15)            Temple (0/1) D:5            Lair (5/5) D:10
 Shoals (2/4) Lair:3       Spider (4/4) Lair:2        Slime (1/5) Lair:4
  Sewer (visited)
    Orc: D:9-12

Altars:
Ashenzari
Cheibriados
Fedhas
Gozag
Kikubaaqudgha
Makhleb
Nemelex Xobeh
Okawaru
Wu Jian
Jiyva

Shops:
D:1 :   D:7 (   D:10 =   D:11 *:

Portals:
Abyss: D:10

Annotations:
D:7 exclusion: oklob plant
D:8 Joseph
D:10 2 transporters, Fandomethor's ghost, novice HOMo


Innate Abilities, Weirdness & Mutations

You have a pair of horns on your head.
You reflexively headbutt those who attack you in melee.
You are robust. (+10% HP)


Message History

The demonic crawler hits you but does no damage. x2
A starcursed mass splits.
The sun demon hits you.
* * * LOW HITPOINT WARNING * * *
You are engulfed in flames!
The fire burns you terribly!
* * * LOW HITPOINT WARNING * * *
The raiju bites you.
* * * LOW HITPOINT WARNING * * *
The raiju shocks you!
* * * LOW HITPOINT WARNING * * *
You can move again.
You feel much better.
The sun demon hits you but does no damage.
You block the demonic crawler's attack. x2; The demonic crawler misses you.
The sun demon misses you.
A starcursed mass splits. x3
The sun demon hits you but does no damage.
The raiju bursts into living lightning!
The living lightning misses you.
The living lightning hits the sun demon.
The sun demon resists.
The living lightning hits the raiju.
The raiju completely resists.
The raiju blinks!
A starcursed mass splits.
You hit the sun demon but do no damage.
The sun demon is lightly wounded.
You barely miss the sun demon. You slice the demonic crawler!!
The demonic crawler closely misses you. You block the demonic crawler's attack.
The demonic crawler hits you but does no damage.
You block the sun demon's attack. The sun demon hits you!!
* * * LOW HITPOINT WARNING * * *
You are engulfed in flames!!
The fire burns you terribly!
* * * LOW HITPOINT WARNING * * *
You slash the starcursed mass!
You headbutt the starcursed mass, but do no damage.
The starcursed mass is severely damaged.
You slice the demonic crawler!!
Lightning courses through the demonic crawler!
You kill the demonic crawler!
Okawaru accepts your kill.
You slash the sun demon! You closely miss the sun demon.
The starcursed mass shudders and is absorbed by its neighbour.
A cacophony of accursed wailing tears at your sanity!
You die...

. . 2 .. ... .##....
.## #..# ..## ##.. . .#
..##..## .##. #
..FX........ . .#
.XX....... ..... . #
#3X##..##.§# . #
##.##hX##..##..##..#.
#.XX@3...h.†. †.... .
#XX#.##3..##.###.##..#.
XX .#...# ## . #.# .#.
.## #. # .# # #..##....
#. # .##..#. . #
...#.## . # . ~ . ##.
.# . # . . '.


You could see 10 starcursed masses, 3 sun demons, 2 raiju and a blink frog.

Vanquished Creatures
  Gastronok (D:8)
  Donald (Spider:1)
  5 emperor scorpions
  2 frost giants (Shoals:1)
  5 ghost moths
  A broodmother (Spider:1)
  4 spark wasps (Spider:4)
  4 entropy weavers
  A merfolk javelineer (Shoals:1)
  Josephine (Lair:4)
  4 hydras
  2 merfolk avatars
  An alligator snapping turtle (Shoals:1)
  2 catoblepae
  3 radroaches
  6 boulder beetles
  A two-headed ogre (D:11)
  2 jorogumos
  A thrashing horror (Abyss:2)
  2 deep elf knights (Shoals:2)
  A sun demon (Abyss:2)
  7 pharaoh ants
  5 sea snakes
  8 orb spiders
  A kraken simulacrum (Shoals:1)
  3 deep elf archers (Shoals:2)
  8 steelbarb worms
  6 harpies (Shoals:2)
  4 deep elf zephyrmancers (Shoals:2)
  2 deep elf pyromancers (Shoals:2)
  An ugly thing (D:11)
  4 fauns
  4 moths of wrath
  2 cyclopes
  15 wolf spiders
  7 manticores
  A worldbinder (Abyss:2)
  A merfolk siren (Shoals:1)
  25 elephants
  7 black mambas
  3 demonic crawlers
  5 cane toads
  Maggie (Lair:2)
  10 komodo dragons
  Psyche (D:8)
  5 torpor snails
  A kobold demonologist (D:11)
  5 rime drakes
  2 trolls
  13 hornets
  3 merfolk (Shoals:1)
  5 polar bears
  6 raiju (Abyss:2)
  A dream sheep (Lair:4)
  17 tarantellas
  2 snapping turtles
  15 blink frogs
  30 jumping spiders
  25 culicivoras
  Sigmund (D:2)
  A shadow (D:11)
  12 spriggans (Lair:4)
  6 water elementals
  4 wyverns
  5 wraiths
  A vampire (D:9)
  49 yaks
  3 fire bats (Abyss:2)
  An alligator snapping turtle simulacrum (Shoals:1)
  9 basilisks
  A sea snake simulacrum (Shoals:1)
  52 redbacks
  3 steam dragons
  Menkaure (D:7)
  A death yak simulacrum (Shoals:1)
  2 harpy simulacra (Shoals:1)
  17 water moccasins
  An acid dragon (D:11)
  3 orc warriors
  A sky beast (D:7)
  A satyr simulacrum (Shoals:1)
  2 ogres (D:6)
  10 wolves
  3 boggarts (Lair:4)
  3 black bears
  9 centaurs
  A phantom (D:6)
  2 kobold brigands
  A necrophage (D:8)
  14 bullfrogs
  2 scorpions
  2 faun simulacra (Shoals:1)
  2 merfolk simulacra (Shoals:1)
  7 wights
  3 manticore simulacra (Shoals:1)
  A snapping turtle simulacrum (Shoals:1)
  15 killer bees
  6 howler monkeys
  5 electric eels
  3 jellies
  3 hounds
  3 orc priests
  A cyclops simulacrum (Shoals:1)
  A gnoll bouda (D:7)
  2 iguanas
  9 orc wizards
  5 hell rats (Lair:5)
  5 centaur simulacra (Shoals:1)
  11 adders
  8 gnolls
  2 shadow imps (D:6)
  2 ufetubi
  6 worms
  3 dart slugs
  38 orcs
  9 ball pythons
  8 bats
  5 endoplasms
  4 giant cockroaches
  4 goblins
  8 hobgoblins
  5 quokkas
  15 frilled lizards
  8 kobolds
  6 rats
  A tentacle (Shoals:1)
749 creatures vanquished.

Vanquished Creatures (others)
  29 fungi
  96 plants
  5 tentacles (Shoals:1)
  A withered plant (Shoals:2)
131 creatures vanquished.

Grand Total: 880 creatures vanquished

Notes
Turn   | Place    | Note
-------+----------+-------------------------------------------
     0 | D:1      | bratinateska the Minotaur Fighter began the quest for the
                  | Orb.
     0 | D:1      | Reached XP level 1. HP: 19/19 MP: 0/0
    65 | D:1      | Found Udae's Book Emporium.
   150 | D:1      | Reached XP level 2. HP: 27/27 MP: 1/1
   202 | D:1      | Gained mutation: You are robust. (+10% HP) [potion of
                  | mutation]
   476 | D:1      | Reached skill level 3 in Axes
   636 | D:2      | Reached XP level 3. HP: 34/36 MP: 2/2
   745 | D:2      | You fall into a shaft and drop 1 floor!
  1071 | D:3      | Reached XP level 4. HP: 38/44 MP: 3/3
  1153 | D:3      | Found a glowing drain.
  1191 | Sewer    | Entered a sewer
  1339 | Sewer    | Noticed a bullfrog
  1339 | Sewer    | Noticed a bullfrog
  1348 | Sewer    | Killed a bullfrog
  1349 | Sewer    | Reached skill level 4 in Axes
  1349 | Sewer    | Reached XP level 5. HP: 40/51 MP: 4/4
  1355 | Sewer    | Reached skill level 5 in Fighting
  1355 | Sewer    | Reached skill level 5 in Armour
  1355 | Sewer    | Reached skill level 5 in Shields
  2270 | D:3      | Found an ancient bone altar of Kikubaaqudgha.
  2332 | D:4      | Reached XP level 6. HP: 61/61 MP: 5/5
  2415 | D:4      | Found a broken altar of Ashenzari.
  2901 | D:4      | Reached skill level 5 in Axes
  3005 | D:5      | Entered Level 5 of the Dungeon
  3127 | D:5      | Found an iron altar of Okawaru.
  3359 | D:5      | Reached XP level 7. HP: 67/67 MP: 6/6
  3695 | D:5      | Found a staircase to the Ecumenical Temple.
  3865 | D:5      | Became a worshipper of Warmaster Okawaru
  3998 | D:6      | Reached skill level 6 in Axes
  4005 | D:6      | Found a sparkling altar of Nemelex Xobeh.
  4005 | D:6      | Found a burning altar of Makhleb.
  4096 | D:6      | Reached * piety under Okawaru
  4194 | D:6      | Reached XP level 8. HP: 76/78 MP: 7/7
  4214 | D:6      | Reached skill level 7 in Axes
  4538 | D:6      | Found an ornate altar of the Wu Jian Council.
  4731 | D:6      | Noticed a spectral centipede
  4731 | D:6      | Noticed a spectral black mamba
  5040 | D:7      | Found Usibinid's Weapon Shoppe.
  5065 | D:7      | Reached skill level 1 in Invocations
  5270 | D:7      | Reached skill level 8 in Axes
  5367 | D:7      | Reached ** piety under Okawaru
  5643 | D:7      | Found an opulent altar of Gozag.
  5707 | D:7      | Noticed Menkaure
  5725 | D:7      | Killed Menkaure
  6240 | D:7      | Found a blossoming altar of Fedhas.
  6261 | D:7      | Noticed an oklob plant
  6410 | D:7      | Reached XP level 9. HP: 84/86 MP: 9/9
  7160 | D:2      | Noticed Sigmund
  7310 | D:2      | Killed Sigmund
  7900 | D:8      | Reached skill level 9 in Axes
  7954 | D:8      | Noticed Gastronok
  8101 | D:8      | Killed Gastronok
  8101 | D:8      | Reached *** piety under Okawaru
  8101 | D:8      | Received a gift from Okawaru
  8101 | D:8      | Reached **** piety under Okawaru
  8102 | D:8      | Reached skill level 10 in Axes
  8178 | D:8      | Received a gift from Okawaru
  8437 | D:8      | Noticed Psyche
  8441 | D:8      | Killed Psyche
  8698 | D:8      | Reached XP level 10. HP: 96/96 MP: 12/12
  8707 | D:8      | Noticed Joseph
  9488 | D:8      | Noticed a cyclops
  9495 | D:8      | Killed a cyclops
 10464 | D:9      | Found a snail-covered altar of Cheibriados.
 10577 | D:9      | Reached ***** piety under Okawaru
 10730 | D:9      | Reached skill level 11 in Axes
 11507 | D:10     | Entered Level 10 of the Dungeon
 11667 | D:10     | Noticed a thrashing horror
 11668 | D:10     | Noticed a sixfirhy
 11669 | D:10     | Noticed Fandomethor's ghost (novice HOMo)
 11709 | D:10     | Reached skill level 5 in Invocations
 11814 | D:10     | Found a staircase to the Lair.
 11874 | D:10     | Received a gift from Okawaru
 12091 | D:10     | Found a transporter.
 12203 | D:10     | Reached skill level 12 in Axes
 12206 | D:10     | Found a transporter.
 12219 | D:10     | Found a one-way gate to the infinite horrors of the Abyss.
 12235 | D:10     | Noticed a hell hog
 12236 | D:10     | Reached XP level 11. HP: 95/106 MP: 14/14
 12275 | D:10     | Found Vaoseemoyt's Jewellery Boutique.
 12348 | D:10     | Noticed a great orb of eyes
 13094 | D:11     | Found Sadoanwem's Assorted Antiques.
 13116 | D:11     | Bought a scroll labelled JOTIPR GEWEDGHU for 33 gold pieces
 13126 | D:11     | Found Zasar's Book Shop.
 13556 | D:11     | Noticed a two-headed ogre
 13568 | D:11     | Killed a two-headed ogre
 13591 | D:11     | Reached skill level 10 in Fighting
 13591 | D:11     | Reached skill level 10 in Armour
 13681 | D:11     | Identified the +6 ring mail of Poor Excuses {rC+}
 13771 | D:11     | Reached skill level 10 in Shields
 13799 | D:11     | Noticed a purple ugly thing
 13808 | D:11     | Killed a purple ugly thing
 13890 | D:11     | Reached skill level 13 in Axes
 14174 | Lair:1   | Entered Level 1 of the Lair of Beasts
 14189 | Lair:1   | Received a gift from Okawaru
 14654 | Lair:1   | Reached XP level 12. HP: 118/118 MP: 16/16
 14863 | Lair:1   | Reached skill level 14 in Axes
 15471 | Lair:2   | Noticed Maggie
 15481 | Lair:2   | Reached ****** piety under Okawaru
 15484 | Lair:2   | Killed Maggie
 15622 | Lair:2   | Noticed a catoblepas
 15651 | Lair:2   | Killed a catoblepas
 15651 | Lair:2   | Identified the +2 hat of the Sailor {Harm} (Okawaru gifted
                  | it to you on level 2 of the Lair of Beasts)
 15651 | Lair:2   | Received a gift from Okawaru
 16220 | Lair:2   | Reached skill level 15 in Axes
 16283 | Lair:2   | Found a hole to the Spider Nest.
 16903 | Lair:3   | Reached XP level 13. HP: 121/128 MP: 16/18
 16931 | Lair:3   | Found a staircase to the Shoals.
 17044 | Lair:3   | Received a gift from Okawaru
 17342 | Lair:3   | Found a frozen archway.
 17463 | Lair:4   | Reached skill level 16 in Axes
 17575 | Lair:4   | Identified the +2 pair of gloves of Impermeability {rN+}
                  | (Okawaru gifted it to you on level 4 of the Lair of Beasts)
 17575 | Lair:4   | Received a gift from Okawaru
 17583 | Lair:4   | Noticed Josephine
 17588 | Lair:4   | Killed Josephine
 18148 | Lair:4   | Found a staircase to the Slime Pits.
 18149 | Lair:4   | Found a viscous altar of Jiyva.
 18788 | Lair:5   | Entered Level 5 of the Lair of Beasts
 18816 | Lair:5   | Reached skill level 17 in Axes
 18965 | Lair:5   | Reached XP level 14. HP: 139/139 MP: 19/19
 19996 | Lair:5   | Identified the +1 trident of Entrepreneurial Spirit {venom,
                  | rElec rPois}
 20992 | Spider:1 | Entered Level 1 of the Spider Nest
 21067 | Spider:1 | Noticed an emperor scorpion
 21082 | Spider:1 | Killed an emperor scorpion
 21271 | Spider:1 | Received a gift from Okawaru
 21394 | Spider:1 | Noticed Donald
 21401 | Spider:1 | Noticed a broodmother
 21409 | Spider:1 | Killed Donald
 21416 | Spider:1 | Killed a broodmother
 21630 | Spider:1 | Noticed a ghost moth
 21642 | Spider:1 | Killed a ghost moth
 21920 | Spider:1 | Reached skill level 18 in Axes
 22173 | Spider:1 | Identified the +0 pair of gloves of Masochism {Dex+3}
                  | (Okawaru gifted it to you on level 1 of the Spider Nest)
 22173 | Spider:1 | Received a gift from Okawaru
 22655 | Spider:2 | Noticed an emperor scorpion
 22825 | Spider:2 | Killed an emperor scorpion
 23116 | Spider:2 | Reached XP level 15. HP: 49/152 MP: 20/20
 23537 | Spider:2 | Identified the +5 ring mail of Agoraphobia {rPois Will+}
 23658 | Spider:2 | Identified the +2 robe "Syxos" {SInv}
 23796 | Spider:2 | Reached skill level 15 in Armour
 23808 | Spider:2 | Reached skill level 15 in Fighting
 25380 | Spider:3 | Reached skill level 19 in Axes
 25666 | Spider:4 | Entered Level 4 of the Spider Nest
 25674 | Spider:3 | Identified the +4 executioner's axe "Xaittu" {venom, rCorr
                  | MP-9 Str-5 Stlth+} (Okawaru gifted it to you on level 3 of
                  | the Spider Nest)
 25674 | Spider:3 | Received a gift from Okawaru
 27041 | Spider:4 | Noticed an emperor scorpion
 27042 | Spider:4 | Noticed an emperor scorpion
 27042 | Spider:4 | Noticed an emperor scorpion
 27053 | Spider:4 | Killed an emperor scorpion
 27057 | Spider:4 | Killed an emperor scorpion
 27165 | Spider:4 | Received a gift from Okawaru
 27187 | Spider:4 | Reached XP level 16. HP: 106/166 MP: 21/21
 27735 | Spider:4 | Got a gossamer rune of Zot
 27976 | Slime:1  | Entered Level 1 of the Pits of Slime
 28370 | Shoals:1 | Entered Level 1 of the Shoals
 29116 | Shoals:1 | Reached skill level 20 in Axes
 29374 | Shoals:1 | Found a runed translucent gate.
 29374 | Shoals:1 | Found a runed translucent gate.
 29374 | Shoals:1 | Found a runed translucent gate.
 30014 | Shoals:1 | Reached skill level 15 in Shields
 30042 | Shoals:1 | Identified the +7 morningstar "Xapha" {flame, Dex+3}
 30051 | Shoals:1 | Identified a scroll of acquirement
 30051 | Shoals:1 | Acquired 1106 gold pieces
 30397 | Shoals:2 | Received a gift from Okawaru
 31318 | Abyss:2  | Cast into level 2 of the Abyss (a deep elf demonologist)
 31482 | Abyss:2  | Paralysed by accursed screaming for 1 turns
 31486 | Abyss:2  | Killed from afar by a starcursed mass

Illustrated notes

Levels and vault maps discovered:
D:1:      nzn_arrival_settlement, layout_loops_ring, serial_shops, shop,
          minmay_misc_feat_chi
D:2:      layout_basic, minmay_pentomino_z4, uniq_sigmund
D:3:      layout_basic, mainiacjoe_overflow_alcove_1,
          cheibrodos_sewer_entry_bend
D:4:      kennysheep_big_flooded_room, layout_cave_pools,
          nicolae_ashenzari_panopticon, amcnicky_mini_pool_small
D:5:      layout_loops_ring, mainiacjoe_overflow_alcove_2,
          lemuel_temple_firewalk_b
D:6:      layout_loops_ring, pdpol_wu_jian_five_deadly_venoms,
          gammafunk_temple_overflow_statue, minmay_crystal_water
D:7:      layout_layer_cave, mainiacjoe_overflow_catwalk, tgw_fedhas,
          serial_shops, nicolae_inconvenience_store, minmay_splitting_lines,
          uniq_menkaure
D:8:      layout_loops_corners, minivault_24, minmay_misc_feat_x,
          chequers_serial_rivers_large_b, minmay_misc_feat_tower, uniq_psyche,
          uniq_joseph, uniq_gastronok
D:9:      layout_irregular_city, cheibrodos_worm_habitat,
          kennysheep_decorative_pillar
D:10:     layout_roguey, dpeg_oklobed_lair, gammafunk_ghost_abyssal_escape,
          serial_shops, shop
D:11:     layout_long_grid, serial_shops, shop, nicolae_shop_stone
Lair:1:   layout_cave_shapes, grunt_megastairs_3, infiniplex_staircase_pool_2
Lair:2:   layout_gridlike, spider_nest_entry_web_field, serial_bayou_lake_a,
          uniq_maggie
Lair:3:   layout_cave_shapes, minmay_shoals_entry_centaurs,
          portal_ice_cave_entry_animals_and_master
Lair:4:   kb_forest_paths, layout_cave_shapes, slime_entry_1, uniq_josephine
Lair:5:   gammafunk_lair_ancient_temple, layout_regular_city,
          serial_bayou_shore_b
Shoals:1: layout_shoals, nicolae_shoals_beach_cooler
Shoals:2: nicolae_shoals_deep_elves_summer_vacation, layout_shoals,
          argonaut_gorgonesque
Spider:1: layout_spider_delve, drop_trap, uniq_donald
Spider:2: layout_spider_delve, hangedman_stitches_earthworm
Spider:3: layout_spider_delve
Spider:4: spider_rune_water, nicolae_spider_paper_wasps
Slime:1:  layout_caves
Abyss:2:  base:
D:4

Skill      XL: |  1  2  3  4  5  6  7  8  9 10 11 12 13 14 15 16 |
---------------+-------------------------------------------------+-----
Armour         | 4 5 6 7 8 9 10 11 13 14 16 17 | 17.4
Fighting       | 4 5 6 7 8 9 10 11 12 14 16 17 | 17.3
Shields        | 4 5 6 7 8 9 10 11 12 13 14 15 | 15.2
Axes           | 3 4 5 6 8 10 12 13 15 17 18 19 20 | 20.4
Invocations    | 2 4 5 7 8 9 |  9.6

Action                     |  1- 3 |  4- 6 |  7- 9 | 10-12 | 13-15 | 16-18 || total
---------------------------+-------+-------+-------+-------+-------+-------++-------
  Melee: War axe           |    69 |       |       |    47 |       |       ||   116
         Headbutt          |     3 |    17 |    47 |   103 |   225 |    71 ||   466
         Hand axe          |     7 |   123 |   188 |    83 |       |       ||   401
         Unarmed           |       |       |     5 |       |       |       ||     5
         Broad axe         |       |       |       |   354 |   995 |   298 ||  1647
 Invoke: Heroism           |       |       |     2 |     7 |    13 |     7 ||    29
  Evoke: Wand              |       |       |       |     2 |     6 |     3 ||    11
    Use: Potion            |     3 |       |     1 |       |     7 |     2 ||    13
         Scroll            |       |    13 |       |    13 |     7 |     5 ||    38
   Stab: Invisible         |       |       |       |       |     1 |       ||     1
         Petrified         |       |       |       |       |       |     3 ||     3
         Distracted        |       |       |       |       |       |     1 ||     1
 Armour: Scale mail        |    43 |    46 |    49 |    39 |       |       ||   177
         Ring mail         |       |       |       |   128 |   497 |   121 ||   746
  Dodge: Dodged            |    41 |    64 |    90 |   271 |   585 |   135 ||  1186
  Block: Buckler           |    13 |    21 |    77 |   274 |   331 |       ||   716
         Reflection        |       |       |     6 |     6 |     4 |    24 ||    40
         Kite shield       |       |       |       |       |   523 |   307 ||   830

Table legend: (Time is in decaauts)
 A = Elapsed time spent in this place.
 B = Non-inter-level travel time spent in this place.
 C = Inter-level travel time spent in this place.
 D = Time resting spent in this place.
 E = Time spent auto-exploring this place.
 F = Levels seen in this place.
 G = Mean time per level.
                   A        B        C        D        E       F      G
               +--------+--------+--------+--------+--------+-----+--------+
         Total |  31573 |  27711 |   3862 |   8814 |  13103 |  25 | 1262.9 |
       Dungeon |  13658 |  11266 |   2392 |   2553 |   7067 |  11 | 1241.6 |
          Lair |   7528 |   6568 |    960 |   1881 |   3245 |   5 | 1505.6 |
        Shoals |   2805 |   2687 |    118 |   1388 |    617 |   2 | 1402.5 |
   Spider Nest |   6644 |   6253 |    391 |   2862 |   2035 |   4 | 1661.0 |
    Slime Pits |      1 |      1 |      0 |      0 |      0 |   1 |    1.0 |
         Abyss |    167 |    167 |      0 |     75 |     27 |   1 |  167.0 |
         Sewer |    767 |    767 |      0 |     55 |    110 |   1 |  767.0 |
               +--------+--------+--------+--------+--------+-----+--------+

Top non-repeatable levels by time:
     D:8: 2450 daAuts
     D:7: 2418 daAuts
Spider:4: 2007 daAuts
  Lair:5: 1948 daAuts
  Lair:4: 1880 daAuts
Spider:1: 1849 daAuts
Shoals:1: 1818 daAuts
  Lair:2: 1642 daAuts
    D:10: 1449 daAuts
Spider:2: 1405 daAuts
Spider:3: 1382 daAuts
     D:9: 1290 daAuts
  Lair:1: 1130 daAuts
    D:11: 1036 daAuts
     D:3: 1001 daAuts
